Map: Avalon Labs

Players

Predator

  • Race: Protoss Protoss

DuckTales

  • Race: Zerg Zerg

Dagobert

  • Race: Protoss Protoss
  • League: Silver

Blubbel - Winner!

  • Race: Terran Terran
  • League: Silver

zod - Winner!

  • Race: Protoss Protoss
  • League: Silver

MasteroP - Winner!

  • Race: Zerg Zerg

VOD

Have the link to the VOD?

Description

Time

  • Played on: Jan. 10, 2016, 9:55 a.m.
  • Length: 10:28
Show
View Real Time Build Order
Export as new Build Order

Predator Protoss 

Build Orders: Blink Stalkers 

Get SALT Encoding   

  12  0:01  Probe (Chrono Boost)  
  13  0:16  Pylon  
  13  0:18  Probe (Chrono Boost)  
  14  0:30  Probe (Chrono Boost)  
  14  0:35  Gateway  
  15  0:44  Assimilator  
  15  0:49  Probe (Chrono Boost)  
  16  1:00  Probe (Chrono Boost)  
  16  1:02  Pylon  
  17  1:10  Probe (Chrono Boost)  
  18  1:21  Probe (Chrono Boost)  
  18  1:22  Cybernetics Core  
  19  1:30  Assimilator  
  19  1:31  Probe (Chrono Boost)  
  20  1:42  Probe (Chrono Boost)  
  21  1:52  Probe (Chrono Boost)  
  22  1:58  Warp Gate (Chrono Boost)  
  22  2:07  Nexus  
  22  2:15  Mothership Core  
  24  2:27  Twilight Council  
  24  2:36  Probe  
  25  2:48  Gateway, Probe  
  26  2:55  Pylon  
  26  3:00  Probe  
  26  3:04  Blink (Chrono Boost)  
  27  3:12  Probe  
  28  3:17  Gateway  
  28  3:19  Probe  
  28  3:24  Probe  
  30  3:30  Probe  
  31  3:35  Pylon  
  31  3:40  Probe  
  31  3:47  Gateway  
  32  3:50  Pylon  
  32  3:51  Probe  
  33  4:00  Gateway  
  33  4:05  Stalker  
  35  4:13  Assimilator  
  35  4:15  Stalker  
  37  4:17  Stalker  
  39  4:34  Nexus  
  38  5:07  Stalker x2  
  38  5:08  Stalker  
  44  5:34  Probe  
  45  5:44  Probe  
  45  5:45  Robotics Facility  
  45  5:48  Pylon  
  46  5:50  Assimilator  
  46  5:53  Stalker, Pylon  
  46  5:55  Probe, Pylon  
  49  6:05  Probe  
  49  6:07  Resonating Glaives (Chrono Boost)  
  49  6:08  Probe  
  49  6:09  Pylon  
  51  6:16  Probe  
  51  6:18  Probe  
  53  6:19  Probe  
  54  6:26  Probe  
  54  6:27  Stalker  
  54  6:28  Stalker  
  54  6:29  Probe (Chrono Boost)  
  60  6:37  Observer  
  61  6:41  Probe (Chrono Boost)  
  62  6:47  Robotics Bay  
  62  6:50  Pylon  
  62  6:52  Probe (Chrono Boost)  
  63  6:58  Observer  
  64  7:02  Probe (Chrono Boost)  
  64  7:08  Stalker x3  
  67  7:09  Stalker x2  
  75  7:21  Pylon  
  75  7:25  Pylon  
  75  7:44  Stalker x4  
  75  7:45  Stalker, Extended Thermal Lance  
  85  7:55  Colossus (Chrono Boost)  
  91  8:02  Probe  
  92  8:06  Assimilator  
  92  8:10  Assimilator  
  92  8:12  Probe  
  92  8:14  Probe  
  94  8:23  Probe  
  94  8:24  Forge  
  94  8:26  Forge  
  95  8:30  Pylon  
  95  8:32  Adept x2, Pylon  
  95  8:33  Probe  
  100  8:44  Probe  
  97  9:02  Stalker  
  97  9:03  Stalker x3  
  97  9:04  Stalker  
  107  9:16  Colossus (Chrono Boost)  
  87  10:01  Stalker x4  
  87  10:02  Stalker  
Show
View Real Time Build Order
Export as new Build Order

DuckTales Zerg 

Build Orders: Hatch First 

Get SALT Encoding   

  12  0:01  Drone  
  13  0:08  Drone  
  14  0:16  Overlord  
  14  0:35  Drone x3  
  17  0:46  Drone  
  18  1:06  Hatchery  
  18  1:10  Spawning Pool  
  16  1:13  Drone  
  16  1:15  Drone  
  16  1:18  Drone  
  19  1:29  Overlord  
  19  1:34  Extractor  
  19  1:39  Drone  
  19  1:52  Hatchery  
  18  1:55  Drone  
  19  2:02  Queen  
  19  2:05  Drone  
  22  2:14  Drone  
  23  2:19  Queen  
  25  2:24  Drone  
  25  2:29  Overlord  
  26  2:34  Extractor  
  26  2:36  Evolution Chamber  
  24  2:39  Drone  
  25  2:46  Drone  
  25  2:50  Drone x2  
  28  2:52  Drone  
  29  3:02  Drone  
  30  3:08  Lair  
  30  3:15  Overlord  
  30  3:18  Queen  
  32  3:20  Drone  
  32  3:23  Drone  
  34  3:27  Drone  
  34  3:28  Drone  
  34  3:31  Drone  
  37  3:36  Drone  
  38  3:43  Drone  
  38  3:46  Evolution Chamber  
  38  3:48  Drone  
  39  3:50  Drone x3  
  42  4:03  Overlord  
  42  4:13  Hydralisk Den  
  42  4:14  Overseer  
  41  4:18  Zerg Missile Weapons Level 1  
  41  4:20  Zerg Ground Armor Level 1  
  41  4:21  Overlord  
  41  4:24  Drone  
  41  4:25  Drone x3  
  41  4:28  Drone x5  
  41  4:31  Drone  
  51  4:32  Overseer  
  51  4:36  Overseer  
  50  5:09  Hydralisk x2  
  50  5:10  Hydralisk x2  
  55  5:17  Drone x4  
  58  5:27  Drone x5  
  63  5:42  Overlord x2  
  63  5:49  Drone x4  
  67  5:55  Extractor  
  66  5:57  Extractor  
  66  6:03  Extractor  
  64  6:06  Extractor  
  64  6:07  Drone x6  
  69  6:11  Muscular Augments  
  69  6:14  Overlord x4  
  69  6:23  Hatchery  
  68  6:29  Drone  
  68  6:30  Drone x4  
  73  6:50  Extractor  
  66  7:16  Hydralisk x5  
  66  7:19  Zerg Missile Weapons Level 2  
  66  7:21  Zerg Ground Armor Level 2  
  76  7:32  Hydralisk x5  
  76  7:33  Hydralisk  
  88  7:40  Overlord x2  
  88  7:45  Queen  
  88  7:46  Drone x4  
  88  7:47  Drone  
  95  7:52  Hatchery  
  95  7:54  Extractor  
  93  8:14  Drone  
  94  8:20  Hydralisk x4  
  94  8:21  Hydralisk x2  
  106  8:28  Hydralisk x2  
  106  8:29  Hydralisk x3  
  116  8:38  Drone x3  
  104  9:13  Queen  
  104  9:14  Drone x3  
  104  9:15  Drone  
  110  9:21  Hydralisk x6  
  122  9:28  Hydralisk x4  
  122  9:29  Hydralisk  
  132  9:35  Drone x2  
  124  10:15  Drone x3  
Show
View Real Time Build Order
Export as new Build Order

Dagobert Protoss 

Build Orders: 1 Gate Expand, Double Forge, Blink Stalkers 

Get SALT Encoding   

  12  0:01  Probe (Chrono Boost)  
  13  0:14  Pylon  
  13  0:18  Probe (Chrono Boost)  
  14  0:28  Probe (Chrono Boost)  
  14  0:34  Gateway  
  15  0:39  Probe (Chrono Boost)  
  16  0:49  Assimilator  
  17  0:50  Probe (Chrono Boost)  
  17  1:00  Probe (Chrono Boost)  
  18  1:22  Cybernetics Core  
  18  1:32  Nexus  
  18  1:36  Probe (Chrono Boost)  
  19  1:47  Probe (Chrono Boost)  
  19  1:53  Assimilator  
  20  1:56  Warp Gate  
  20  2:11  Probe (Chrono Boost)  
  21  2:17  Twilight Council  
  21  2:21  Probe (Chrono Boost)  
  22  2:32  Probe (Chrono Boost)  
  22  2:35  Gateway  
  23  2:42  Pylon  
  24  2:44  Probe (Chrono Boost)  
  24  2:48  Probe (Chrono Boost)  
  25  2:54  Probe (Chrono Boost)  
  27  2:58  Probe (Chrono Boost)  
  27  3:05  Probe (Chrono Boost)  
  28  3:09  Blink (Chrono Boost)  
  28  3:14  Probe  
  29  3:25  Gateway  
  29  3:26  Gateway  
  29  3:39  Nexus  
  29  3:47  Probe  
  30  3:59  Probe  
  31  4:03  Forge  
  31  4:04  Forge  
  31  4:06  Probe  
  32  4:11  Probe  
  33  4:17  Probe  
  33  4:23  Probe  
  35  4:28  Pylon  
  35  4:32  Stalker x2  
  35  4:33  Stalker  
  35  4:35  Probe  
  37  4:47  Probe  
  38  4:54  Robotics Facility  
  38  5:18  Stalker x3  
  44  5:41  Stalker x3  
  44  5:42  Stalker  
  52  6:03  Probe  
  52  6:10  Assimilator  
  53  6:11  Probe  
  53  6:13  Probe  
  53  6:15  Assimilator  
  55  6:22  Probe  
  55  6:23  Robotics Bay  
  55  6:24  Probe  
  57  6:29  Probe  
  57  6:32  Probe  
  58  6:34  Probe  
  60  6:41  Probe  
  60  6:43  Probe  
  60  6:45  Probe  
  63  6:49  Pylon  
  63  6:51  Pylon  
  63  6:53  Probe x2  
  58  6:55  Probe, Pylon  
  58  6:57  Pylon  
  58  6:59  Pylon  
  57  7:04  Probe  
  57  7:05  Probe  
  59  7:10  Stalker x4  
  59  7:14  Probe  
  67  7:18  Probe  
  63  7:43  Probe  
  64  7:51  Stalker x4  
  64  7:54  Probe  
  73  8:01  Probe  
  73  8:04  Probe  
  75  8:13  Probe  
  75  8:15  Probe  
  75  8:19  Disruptor  
  80  8:25  Probe x2  
  82  8:36  Probe  
  82  8:37  Probe  
  83  8:46  Probe  
  79  8:49  Probe  
  80  8:57  Probe  
  80  9:01  Probe  
  82  9:03  Stalker  
  82  9:04  Stalker x3  
  82  9:07  Probe  
  91  9:13  Probe  
  92  9:33  Probe  
  81  9:45  Probe  
  64  9:57  Probe  
  40  10:09  Stalker x2, Probe  
  40  10:13  Probe  
  42  10:22  Assimilator  
Show
View Real Time Build Order
Export as new Build Order

Blubbel Terran - Winner!

Build Orders:  

Get SALT Encoding   

  12  0:01  SCV  
  13  0:13  SCV  
  14  0:21  Supply Depot  
  14  0:25  SCV  
  15  0:32  Refinery  
  15  0:43  SCV  
  15  0:46  Barracks  
  16  0:55  SCV  
  17  1:07  SCV  
  18  1:19  SCV  
  19  1:33  SCV  
  19  1:34  Supply Depot  
  20  1:41  Factory  
  20  1:44  Refinery  
  20  1:45  SCV  
  21  1:51  Engineering Bay  
  21  1:58  Orbital Command  
  21  2:04  Marine  
  22  2:23  Terran Infantry Armor Level 1  
  22  2:24  Supply Depot  
  22  2:25  SCV  
  23  2:39  Starport  
  23  2:41  Marine  
  24  2:45  SCV  
  25  2:54  Widow Mine  
  25  2:57  SCV  
  28  3:04  Missile Turret  
  28  3:09  SCV  
  29  3:19  Medivac  
  31  3:21  SCV  
  31  3:22  Marine  
  31  3:23  Widow Mine  
  35  3:40  Marine  
  36  3:43  Command Center  
  36  3:58  Factory Tech Lab  
  36  4:07  Barracks Reactor  
  36  4:13  SCV  
  37  4:21  Starport  
  37  4:22  Terran Infantry Weapons Level 1  
  37  4:23  Medivac  
  39  4:55  SCV  
  38  5:04  Siege Tank  
  33  5:15  SCV  
  33  5:18  Orbital Command  
  33  5:21  Missile Turret  
  34  5:27  SCV  
  35  5:34  Starport Reactor  
  35  5:36  Siege Tank  
  35  5:39  SCV  
  39  5:52  Armory  
  39  5:55  SCV  
  40  6:00  Starport Tech Lab, Marine  
  40  6:01  Marine  
  42  6:07  SCV  
  42  6:08  Siege Tank  
  46  6:13  Engineering Bay  
  46  6:18  Hi-Sec Auto Tracking  
  46  6:19  SCV  
  47  6:32  SCV  
  48  6:41  Refinery  
  48  6:42  SCV  
  48  6:44  Refinery  
  49  6:50  Fusion Core  
  49  6:54  SCV  
  50  7:06  SCV  
  51  7:17  Terran Infantry Armor Level 2  
  51  7:18  SCV  
  52  7:30  SCV  
  53  7:38  Supply Depot  
  53  7:40  Supply Depot  
  53  7:42  Liberator x2  
  53  7:58  Advanced Ballistics  
  53  8:00  Siege Tank  
  53  8:03  Supply Depot  
  62  8:07  SCV  
  62  8:10  Liberator  
  63  8:19  SCV  
  64  8:25  Liberator  
  67  8:43  Command Center  
  70  8:50  Barracks  
  70  8:52  Barracks, Marine x2  
  70  8:54  Liberator  
  72  9:09  Marine  
  72  9:10  Marine  
  77  9:20  Supply Depot  
  77  9:22  Supply Depot  
  77  9:24  Supply Depot  
  77  9:25  Liberator  
  77  9:27  Marine  
  78  9:42  Marine  
  78  9:45  Marine  
Show
View Real Time Build Order
Export as new Build Order

zod Protoss - Winner!

Build Orders: 1 Gate Expand, Oracle Opening 

Get SALT Encoding   

  12  0:01  Probe (Chrono Boost)  
  13  0:12  Probe (Chrono Boost)  
  14  0:21  Pylon  
  14  0:23  Probe (Chrono Boost)  
  15  0:40  Probe (Chrono Boost)  
  16  0:44  Gateway  
  16  0:50  Probe (Chrono Boost)  
  17  0:59  Gateway  
  17  1:01  Probe (Chrono Boost)  
  18  1:05  Assimilator  
  18  1:29  Nexus  
  18  1:36  Probe (Chrono Boost)  
  19  1:45  Cybernetics Core  
  19  1:54  Pylon  
  19  2:01  Probe (Chrono Boost)  
  20  2:05  Assimilator  
  20  2:26  Warp Gate  
  21  2:37  Probe (Chrono Boost)  
  21  2:43  Probe (Chrono Boost)  
  22  2:47  Probe (Chrono Boost)  
  23  2:51  Stargate  
  23  2:54  Probe (Chrono Boost)  
  23  2:55  Pylon  
  23  2:58  Probe (Chrono Boost)  
  25  2:59  Pylon  
  25  3:04  Probe (Chrono Boost)  
  25  3:08  Probe (Chrono Boost)  
  26  3:15  Probe (Chrono Boost)  
  26  3:16  Assimilator  
  26  3:19  Mothership Core (Chrono Boost)  
  29  3:25  Probe (Chrono Boost)  
  30  3:28  Gateway  
  30  3:29  Adept  
  32  3:34  Adept  
  32  3:36  Probe (Chrono Boost)  
  32  3:41  Probe (Chrono Boost)  
  36  3:56  Adept, Oracle  
  36  3:58  Probe x2 (Chrono Boost)  
  43  4:06  Adept  
  43  4:09  Probe x2 (Chrono Boost)  
  47  4:40  Stalker  
  47  4:45  Twilight Council  
  49  4:48  Probe x2 (Chrono Boost)  
  49  4:49  Robotics Facility  
  49  4:50  Adept x2  
  49  5:35  Stalker x3  
  51  5:41  Forge  
  51  6:03  Stalker x3  
  57  6:12  Gateway, Blink  
  57  6:13  Observer  
  57  6:17  Oracle  
  61  6:37  Pylon  
  61  6:39  Pylon  
  61  6:42  Pylon  
  61  6:44  Pylon  
  61  6:49  Pylon  
  61  6:55  Gateway, Warp Prism  
  61  6:57  Gateway  
  61  6:59  Gateway  
  60  7:14  Stalker x3  
  66  7:16  Protoss Ground Weapons Level 1  
  66  7:19  Void Ray  
  70  7:28  Probe x2 (Chrono Boost)  
  72  7:32  Assimilator  
  72  7:38  Probe x2 (Chrono Boost), Nexus  
  72  7:42  Assimilator  
  74  7:44  Pylon  
  74  7:47  Pylon  
  74  7:50  Pylon  
  74  7:52  Assimilator  
  74  8:10  Robotics Bay  
  74  8:13  Resonating Glaives  
  74  8:17  Photon Cannon  
  74  8:18  Photon Cannon  
  74  8:19  Probe (Chrono Boost)  
  76  8:20  Probe (Chrono Boost)  
  76  8:21  Photon Cannon  
  76  8:24  Photon Cannon  
  76  8:27  Photon Cannon  
  76  8:30  Probe (Chrono Boost)  
  71  8:57  Stalker  
  71  8:58  Stalker x2  
  71  8:59  Stalker  
  71  9:00  Stalker  
  70  9:11  Probe x3 (Chrono Boost)  
  73  9:21  Probe x2 (Chrono Boost)  
  73  9:22  Probe (Chrono Boost)  
  73  9:23  Zealot x2  
  73  9:24  Zealot x3  
  86  9:32  Probe x3 (Chrono Boost)  
  86  9:37  Adept  
  86  9:38  Adept  
  89  9:42  Probe x2 (Chrono Boost)  
  89  9:43  Probe (Chrono Boost)  
  82  9:52  Stalker x2  
  84  9:53  Stalker, Mothership Core (Chrono Boost)  
  75  10:03  Stalker x3  
  75  10:04  Stalker  
  71  10:24  Pylon  
  71  10:26  Pylon  
Show
View Real Time Build Order
Export as new Build Order

MasteroP Zerg - Winner!

Build Orders: Hatch First 

Get SALT Encoding   

  12  0:01  Drone  
  13  0:12  Overlord  
  13  0:18  Drone  
  14  0:30  Drone  
  14  0:31  Drone  
  16  0:37  Drone  
  17  0:55  Drone  
  18  0:57  Hatchery  
  18  0:59  Drone  
  18  1:06  Drone  
  19  1:17  Overlord  
  19  1:22  Spawning Pool  
  18  1:28  Drone, Extractor  
  18  1:45  Drone  
  19  1:53  Drone  
  20  2:00  Drone  
  21  2:09  Queen  
  21  2:12  Drone x2  
  25  2:19  Drone  
  26  2:26  Queen  
  26  2:29  Drone  
  29  2:33  Extractor  
  29  2:37  Drone x2  
  29  2:41  Drone  
  31  2:53  Drone x2  
  31  2:56  Drone  
  34  3:03  Extractor  
  33  3:06  Extractor  
  32  3:14  Drone x3  
  32  3:16  Overlord  
  35  3:27  Lair  
  35  3:31  Hatchery  
  34  3:36  Drone x5  
  39  3:46  Drone x5  
  44  4:01  Overlord x3  
  44  4:19  Drone x3  
  44  4:20  Drone x4  
  51  4:32  Drone x2  
  53  4:40  Spire  
  53  4:45  Queen  
  54  4:49  Drone x3  
  54  4:50  Drone x5  
  62  4:57  Drone  
  63  5:09  Drone  
  63  5:12  Extractor  
  63  5:15  Extractor  
  62  5:22  Overlord x3  
  62  5:29  Drone x3  
  62  5:30  Drone  
  62  5:33  Metabolic Boost  
  66  5:52  Mutalisk x6  
  66  5:53  Mutalisk x6  
  66  5:56  Zerg Flyer Weapons Level 1  
  90  6:03  Overlord x2  
  90  6:04  Mutalisk  
  90  6:05  Mutalisk  
  94  6:12  Mutalisk  
  94  6:15  Overlord x3  
  96  6:20  Drone x2  
  96  6:21  Drone x2  
  100  6:26  Mutalisk  
  102  6:33  Drone  
  102  6:34  Drone  
  104  6:42  Mutalisk  
  104  6:43  Mutalisk x3  
  104  6:45  Overlord x2  
  104  6:46  Zergling x2  
  104  6:47  Zergling x6  
  116  6:56  Evolution Chamber  
  116  7:00  Mutalisk x3  
  121  7:17  Mutalisk x3  
  121  7:19  Overlord x4  
  127  7:25  Mutalisk  
  119  7:55  Zerg Melee Weapons Level 1  
  119  7:58  Mutalisk x4  
  119  8:00  Zergling x8  
  119  8:01  Zergling x16  
  119  8:02  Zergling x2  
  140  8:07  Zerg Flyer Weapons Level 2  
  140  8:24  Zergling x10  
  140  8:25  Zergling x2  
  146  8:37  Mutalisk x3  
  146  8:38  Mutalisk x2  
  146  8:40  Overlord x6  
  152  9:10  Zergling x6  
  152  9:11  Zergling x16  
  152  9:12  Zergling x2  
  164  9:52  Zergling x12  
  170  9:53  Zergling x20  
  170  9:54  Zergling x2  
  180  10:00  Mutalisk  
  180  10:01  Mutalisk  
  180  10:03  Zergling x2  
Tags
 
Add a new tag
Caveats
  • Supply blocks, unpowered buildings, or Contaminate may cause inaccurate times.
  • Supply counts are checked every 10 seconds.